 Dungeon Crawl Stone Soup version 0.32-a0-859-gb0a091d592 (webtiles) character file.

Game seed: 13330709922571409804

705 epen the Shooter (level 7, -10/72 HPs)
             Began as an Octopode Hunter on Mar 27, 2024.
             Mangled by an ogre
             ... wielding a +0 giant club
              (21 damage)
             ... on level 5 of the Dungeon.
             The game lasted 00:06:59 (4233 turns).

epen the Shooter (Octopode Hunter)                  Turns: 4233, Time: 00:06:59

Health: -10/72     AC:  1    Str: 10    XL:     7   Next: 67%
Magic:  2/2        EV: 14    Int: 12    God:
Gold:   276        SH:  0    Dex: 17    Spells: 6/6 levels left

rFire   . . .        l - +1 sling (antimagic)
rCold   . . .        (no shield)
rNeg    . . .        (helmet restricted)
rPois   .            i - amulet of the acrobat
rElec   .            (no ring)
rCorr   .            (no ring)
SInv    .            (no ring)
Will    .....        (no ring) Stlth
                     (no ring)
HPRegen 0.32/turn    (no ring)
MPRegen 0.08/turn    (no ring)
                     (no ring)

%: acrobat
@: berserking, very quick
A: almost no armour, amphibious, 8 rings, camouflage 1, gelatinous body 1,
(nimble swimmer 1), tentacles
a: Convert to Beogh


You were on level 5 of the Dungeon.
You visited 1 branch of the dungeon, and saw 5 of its levels.

You collected 276 gold pieces.

Inventory:

Hand Weapons
 a - a +1 shortbow
 l - a +1 antimagic sling (weapon)
Jewellery
 i - an amulet of the acrobat (around mantle)
 q - an amulet of guardian spirit
Wands
 j - a wand of flame (17)
 p - a wand of polymorph (7)
Scrolls
 c - a scroll of enchant weapon
 h - a scroll of amnesia
 o - 2 scrolls of teleportation
 s - a scroll of identify
Potions
 b - a potion of curing {unknown}
 d - a potion of magic {unknown}
 e - a potion of resistance {unknown}
 k - a potion of cancellation {unknown}
 m - 2 potions of degeneration {unknown}
 n - 2 potions of might {unknown}


   Skills:
 + Level 4.1 Fighting
 * Level 6.5 Ranged Weapons
 + Level 4.0 Dodging
 + Level 5.2 Stealth


You had 6 spell levels left.
You didn't know any spells.
Your spell library contained the following spells:

 Spells                   Type           Power      Damage    Failure   Level
 Slow                     Hex            0%         N/A       32%         1
 Ensorcelled Hibernation  Hex/Ice        0%         N/A       45%         2
 Scorch                   Fire           0%         2d5       45%         2
 Confusing Touch          Hex            0%         N/A       69%         3
 Passwall                 Erth           0%         N/A       69%         3
 Swiftness                Air            0%         N/A       69%         3
 Vampiric Draining        Necr           0%         2d6       69%         3
 Dispel Undead            Necr           0%         3d6       97%         4
 Flame Wave               Conj/Fire      0%         2d4       97%         4
 Fulminant Prism          Conj/Alch      0%         3d5       97%         4
 Sticky Flame             Fire/Alch      0%         2d4       97%         4
 Summon Lightning Spire   Summ/Air       0%         N/A       97%         4
 Alistair's Intoxication  Alch           0%         N/A       100%        5
 Yara's Violent Unravell  Hex/Alch       0%         3d3       100%        5
 Summon Cactus Giant      Summ           0%         N/A       100%        6
 Animate Armour           Summ/Erth      Unusable   N/A       N/A         4

Dungeon Overview and Level Annotations

Branches:
Dungeon (5/15)
 Temple: D:4-7

Altars:
Gozag

Shops:
D:4 !

Annotations:
D:3 3 runed translucent doors, Eustachio; Konar's ghost, amateur CoHu


Innate Abilities, Weirdness & Mutations

You cannot wear most types of armour.
You are amphibious.
You can wear up to eight rings at the same time.
Your skin changes colour to match your surroundings (Stealth+).
Your rubbery body absorbs attacks. (AC +1, EV +1)
((You are camouflaged when in or above water. (Stealth+)))
You have tentacles for arms and can constrict up to eight enemies at once.


Message History

The ogre is heavily wounded.
The orc priest shouts, "The Pantheon deserves no one's loyalty.
Let us show you the true path!" The ogre barely misses you.
You shoot a sling bullet. The sling bullet hits the ogre.
The ogre is severely wounded.
The ogre hits you with a +0 giant club!!
Ouch! That really hurt!
* * * LOW HITPOINT WARNING * * *
You feel much better.
An orc comes into view. It is wielding a +0 morningstar.
Fire: l) +1 sling (antimagic)
Press: ? - help, Shift-Dir - straight line, f/p - ogre
Aim: an ogre, wielding a +0 giant club (severely wounded, 77% to hit)
You shoot a sling bullet. The orc shouts!
The sling bullet hits the ogre.
The ogre is severely wounded.
The orc priest shouts, "The Pantheon deserves no one's loyalty.
Let us show you the true path!" The ogre barely misses you.
Fire: l) +1 sling (antimagic)
Press: ? - help, Shift-Dir - straight line, f/p - ogre
Aim: an ogre, wielding a +0 giant club (severely wounded, 77% to hit)
You shoot a sling bullet.
The sling bullet barely misses the ogre.
The orc priest threatens, "Beogh's wrath is as vast as their mercy.
Make your choice!"
The ogre hits you with a +0 giant club!!
Ouch! That really hurt!
* * * LOW HITPOINT WARNING * * *
Okay, then.
Okay, then.
It was a potion of berserk rage.
A red film seems to cover your vision as you go berserk!
You feel yourself moving faster!
You feel mighty!
The orc priest miscasts a cantrip.
You are too berserk!
Okay, then.
You barely miss the ogre.
The ogre is severely wounded.
The ogre hits you with a +0 giant club!!
You die...

.### #..... .#
#.....# .# ##
####### .. # o# #
######### o# #
#.......# o#
####.......# o#
........##.######O#
####.##.##......@.#
#.##.##..#######
#........#
#.......##
#########


You could see an ogre, an orc priest and 3 orcs.

Vanquished Creatures
  Sigmund (D:2)
  A black bear (D:5)
  An ogre (D:4)
  Blork the orc (D:5)
  A scorpion (D:3)
  A bombardier beetle (D:4)
  A jelly (D:5)
  Jessica (D:2)
  Robin (D:4)
  5 adders
  2 dart slugs
  2 ribbon worms (D:2)
  An orc (D:4)
  10 endoplasms
  3 giant cockroaches
  14 goblins
  16 hobgoblins
  5 jackals
  5 kobolds
  2 quokkas (D:2)
  6 ball pythons
  2 bats
  3 frilled lizards
  6 rats (D:1)
91 creatures vanquished.

Notes
Turn   | Place    | Note
-------+----------+-------------------------------------------
     0 | D:1      | epen the Octopode Hunter began the quest for the Orb.
     0 | D:1      | Reached XP level 1. HP: 14/14 MP: 1/1
   170 | D:1      | Reached XP level 2. HP: 19/19 MP: 2/2
   442 | D:1      | Found a faded altar of an unknown god.
   575 | D:1      | Reached XP level 3. HP: 24/24 MP: 3/3
   920 | D:2      | Noticed Sigmund
  1136 | D:2      | Reached XP level 4. HP: 30/30 MP: 4/4
  1413 | D:2      | Killed Sigmund
  1414 | D:2      | Reached skill level 5 in Ranged Weapons
  1414 | D:2      | Reached XP level 5. HP: 28/36 MP: 5/5
  1734 | D:2      | Noticed Jessica
  1737 | D:2      | Reached XP level 6. HP: 42/42 MP: 6/6
  1738 | D:2      | Killed Jessica
  1906 | D:3      | Found a runed translucent gate.
  1907 | D:3      | Found a runed translucent gate.
  1908 | D:3      | Found a runed translucent gate.
  1909 | D:3      | Found an opulent altar of Gozag.
  1910 | D:3      | Noticed Konar's ghost (amateur CoHu)
  2026 | D:3      | Identified the +2 scale mail "Emicw" {rF+ Will+}
  2790 | D:4      | Got Onoq's Catalogue of the Ancient Priests
  2828 | D:4      | Noticed Eustachio
  3237 | D:4      | Got the Precepts of the Kindled Entourage
  3312 | D:4      | Noticed Robin
  3331 | D:4      | HP: 1/42 [giant cockroach (2)]
  3573 | D:4      | Killed Robin
  3659 | D:4      | Reached skill level 6 in Ranged Weapons
  3659 | D:4      | Reached XP level 7. HP: 47/47 MP: 2/7
  3790 | D:4      | Found Xoeth's Distillery.
  3858 | D:5      | Entered Level 5 of the Dungeon
  4125 | D:5      | Reached skill level 5 in Stealth
  4166 | D:5      | Noticed Blork the orc
  4174 | D:5      | Killed Blork the orc
  4233 | D:5      | Mangled by an ogre

Illustrated notes

Levels and vault maps discovered:
D:1:      scummos_arrival_checkerplants, layout_basic,
          shapermc_ecumenical_altar_totnotflames, minivault_26,
          minmay_misc_feat_room, grunt_decor_clamped, st_stairs_14
D:2:      layout_loops_cross, minmay_door_square, kennysheep_jessica_study,
          uniq_sigmund
D:3:      layout_loops_corners, serial_bayou, serial_bayou_pond_d,
          serial_bayou_pond_a, serial_bayou_lake_a, serial_bayou_pond_e,
          ebering_ghost_gozag, st_stairs_6
D:4:      layout_cave_pools, serial_shops, nicolae_shop_industrial_runoff,
          palyth_stone_intersect, uniq_eustachio, uniq_robin
D:5:      layout_loops_cross, ebering_ghost_reflecting_pool, uniq_blork_the_orc

Skill      XL: |  1  2  3  4  5  6  7 |
---------------+----------------------+-----
Stealth        | 2 3 4 5 |  5.2
Fighting       | 3 4 |  4.1
Ranged Weapons | 5 6 |  6.5
Dodging        | 3 4 |  4.0

Action                     |  1- 3 |  4- 6 |  7- 9 || total
---------------------------+-------+-------+-------++-------
  Melee: Sling             |       |       |     1 ||     1
   Fire: Shortbow          |   101 |    48 |       ||   149
         Sling             |       |   133 |    47 ||   180
    Use: Scroll            |       |     8 |     2 ||    10
         Potion            |       |     1 |     2 ||     3
 Armour: Skin              |    24 |    80 |     8 ||   112
  Dodge: Dodged            |    17 |    86 |     5 ||   108

Table legend: (Time is in decaauts)
 A = Elapsed time spent in this place.
 B = Non-inter-level travel time spent in this place.
 C = Inter-level travel time spent in this place.
 D = Time resting spent in this place.
 E = Time spent auto-exploring this place.
 F = Levels seen in this place.
 G = Mean time per level.
                   A        B        C        D        E       F      G
               +--------+--------+--------+--------+--------+-----+--------+
         Total |   4282 |   4006 |    276 |    189 |   3131 |   5 |  856.4 |
       Dungeon |   4282 |   4006 |    276 |    189 |   3131 |   5 |  856.4 |
               +--------+--------+--------+--------+--------+-----+--------+

Top non-repeatable levels by time:
     D:3: 1454 daAuts
     D:1: 898 daAuts
     D:2: 840 daAuts
     D:4: 711 daAuts
     D:5: 377 daAuts
